 Dungeon Crawl Stone Soup version 0.27-a0-1140-g099f9bb0e8 (webtiles) character file.

Game seed: 13482750375150641068

4281 Zeld the Thrower (level 10, -3/58 (69) HPs)
             Began as an Octopode Fighter on May 9, 2021.
             Was an Elder of Okawaru.
             Slain by a killer bee (6 damage)
             ... on level 9 of the Dungeon.
             The game lasted 00:15:01 (16090 turns).

Zeld the Thrower (Octopode Fighter)                Turns: 16090, Time: 00:15:02

HP:   -3/58 (69)    AC:  1    Str: 18    XL:     10   Next: 32%
MP:   19/19         EV: 13    Int: 11    God:    Okawaru [****..]
Gold: 205           SH:  0    Dex: 12    Spells: 9/9 levels left

rFire    . . .     SeeInvis .   a - +1 war axe (elec)
rCold    . . .     Faith    .   (no shield)
rNeg     . . .     Spirit   .   (helmet restricted)
rPois    .         Reflect  .   (no amulet)
rElec    .         Harm     .   n - ring of magical power
rCorr    .         Rampage  .   (no ring)
Will     .....                  (no ring)
Stlth    ++........             (no ring)
HPRegen  0.19/turn              (no ring)
MPRegen  0.16/turn              (no ring)
                                (no ring)
                                (no ring)

@: heavily drained
A: almost no armour, amphibious, 8 rings, camouflage 1, gelatinous body 1,
(nimble swimmer 1), tentacles
a: Renounce Religion, Heroism


You were on level 9 of the Dungeon.
You worshipped Okawaru.
Okawaru was greatly pleased with you.
You visited 2 branches of the dungeon, and saw 10 of its levels.

You collected 471 gold pieces.
You spent 266 gold pieces at shops.

Inventory:

Hand Weapons
 a - a +1 war axe of electrocution (weapon)
Missiles
 f - 33 poisoned darts (quivered)
 i - 13 boomerangs
Jewellery
 n - a ring of magical power (left tentacle)
Wands
 p - a wand of mindburst (10)
Scrolls
 d - 2 scrolls of magic mapping
 m - 4 scrolls of identify
 o - 2 scrolls of teleportation
Potions
 c - a potion of might
 e - a potion of haste {unknown}
 g - 2 potions of flight {unknown}
 h - 2 potions of magic {unknown}
 j - 3 potions of lignification {unknown}
 k - 9 potions of curing
 l - 3 potions of invisibility
 q - 3 potions of degeneration {unknown}
 s - a potion of resistance {unknown}


   Skills:
 * Level 6.4 Fighting
 * Level 6.0 Axes
 - Level 12.0 Throwing
 - Level 3.0 Dodging
 - Level 3.0 Shields


You had 9 spell levels left.
You didn't know any spells.
Your spell library contained the following spells:

 Spells                   Type           Power      Damage    Failure   Level
 Beastly Appendage        Tmut           0%         N/A       34%         1
 Corona                   Hex            0%         N/A       34%         1
 Shock                    Conj/Air       0%         1d3       34%         1
 Ensorcelled Hibernation  Hex/Ice        0%         N/A       47%         2
 Static Discharge         Conj/Air       0%         N/A       47%         2
 Wereblood                Tmut           0%         N/A       47%         2
 Confusing Touch          Hex            0%         N/A       71%         3
 Dazzling Flash           Conj/Hex       0%         N/A       71%         3
 Gell's Gravitas          Tloc           0%         N/A       71%         3
 Spider Form              Tmut/Pois      0%         N/A       71%         3
 Swiftness                Air            0%         N/A       71%         3
 Tukima's Dance           Hex            0%         N/A       71%         3
 Airstrike                Air            0%         N/A       98%         4
 Ice Form                 Ice/Tmut       0%         N/A       98%         4
 Petrify                  Tmut/Erth      0%         N/A       98%         4
 Hydra Form               Tmut           0%         N/A       100%        5
 Lightning Bolt           Conj/Air       0%         1d11      100%        5
 Metabolic Englaciation   Hex/Ice        0%         N/A       100%        5
 Yara's Violent Unravell  Hex/Tmut       0%         3d3       100%        5


Dungeon Overview and Level Annotations

Branches:
Dungeon (9/15)             Temple (1/1) D:4            Lair (0/6) D:8
    Orc: D:9-12

Altars:
Ashenzari
Cheibriados
Dithmenos
Elyvilon
Fedhas
Gozag
Hepliaklqana
Kikubaaqudgha
Makhleb
Nemelex Xobeh
Okawaru
Qazlal
Ru
Sif Muna
Trog
Uskayaw
Vehumet
Wu Jian
Xom
Yredelemnul
Zin
The Shining One

Shops:
D:1 !


Innate Abilities, Weirdness & Mutations

You cannot wear most types of armour.
You are amphibious.
You can wear up to eight rings at the same time.
Your skin changes colour to match your surroundings (Stealth+).
Your rubbery body absorbs attacks. (AC +1, EV +1)
((You are camouflaged near water. (Stealth+)))
You have tentacles for arms and can constrict up to eight enemies at once.


Message History

* * * LOW HITPOINT WARNING * * *
The wight hits you with a +5 falchion.
* * * LOW HITPOINT WARNING * * *
You feel drained.
* * * LOW HITPOINT WARNING * * *
Okay, then.
You feel much better.
The wight hits you with a +3 dire flail!
The wight hits you with a +5 falchion!
* * * LOW HITPOINT WARNING * * *
Unknown command.
You feel much better.
The wight hits you with a +3 dire flail!
The wight closely misses you.
You feel much better.
The wight hits you with a +3 dire flail!
You feel drained. The wight barely misses you.
Okay, then.
As you read the scroll of teleportation, it crumbles to dust.
You feel strangely unstable.
The wight hits you with a +3 dire flail!
You feel drained. The wight hits you with a +5 falchion!
* * * LOW HITPOINT WARNING * * *
The wight hits you with a +5 falchion!
* * * LOW HITPOINT WARNING * * *
Your surroundings suddenly seem different.
A killer bee comes into view.
The killer bee buzzes angrily.
A killer bee comes into view.
The killer bee buzzes angrily.
A killer bee comes into view.
The killer bee buzzes angrily.
A killer bee comes into view.
The killer bee buzzes angrily.
A killer bee comes into view.
The killer bee buzzes angrily.
A killer bee comes into view.
The killer bee buzzes angrily.
The killer bee stings you.
You die...

#..............[.....#...#
#....................#...#
#....................#...#
#......(.y...........#...#
#..........y.........#####
+........y.............
#........y.............
.......y.......
.....y.@.......
..............[
...............
...............
...............
...............
...............
...............


You could see 6 killer bees.

Vanquished Creatures
  A two-headed ogre (D:8)
  A steam dragon (D:8)
  2 water moccasins
  An ice beast (D:3)
  3 sky beasts
  A hornet zombie (D:5)
  An orc warrior (D:7)
  3 black bears
  5 ogres
  A necrophage (D:7)
  2 phantoms
  2 kobold brigands (D:9)
  3 bullfrogs
  2 scorpions (D:6)
  10 wights
  3 howler monkeys (D:7)
  A hound (D:7)
  2 bullfrog zombies
  5 orc priests
  Crazy Yiuf (D:3)
  2 centaur skeletons
  A gnoll shaman (D:7)
  2 iguanas (D:5)
  5 orc wizards
  2 hound skeletons
  A howler monkey zombie (D:8)
  6 gnolls
  7 adders
  2 shadow imps
  A white imp (D:6)
  A worm (D:2)
  6 dart slugs
  30 orcs
  7 ball pythons
  6 bats
  6 endoplasms
  6 giant cockroaches
  2 goblins (D:2)
  7 hobgoblins
  8 jackals
  21 kobolds
  7 quokkas
  3 frilled lizards
  6 rats
195 creatures vanquished.

Vanquished Creatures (others)
  3 fungi (D:3)
3 creatures vanquished.

Grand Total: 198 creatures vanquished

Notes
Turn   | Place    | Note
-------+----------+-------------------------------------------
     0 | D:1      | Zeld the Octopode Fighter began the quest for the Orb.
     0 | D:1      | Reached XP level 1. HP: 16/16 MP: 1/1
    94 | D:1      | Found Used's Distillery.
   102 | D:1      | Reached XP level 2. HP: 8/21 MP: 2/2
   579 | D:1      | Reached skill level 1 in Throwing
   789 | D:1      | Reached XP level 3. HP: 9/26 MP: 3/3
  1023 | D:1      | Reached skill level 2 in Throwing
  1817 | D:2      | Reached XP level 4. HP: 22/31 MP: 4/4
  2130 | D:2      | Reached skill level 3 in Throwing
  3244 | D:3      | Found a broken altar of Ashenzari.
  3246 | D:3      | Noticed an ice beast
  3296 | D:3      | Found a faded altar of an unknown god.
  3612 | D:3      | Reached XP level 5. HP: 28/36 MP: 5/5
  3840 | D:3      | Reached skill level 4 in Throwing
  4034 | D:3      | Found a bloodstained altar of Trog.
  4043 | D:3      | Found a blossoming altar of Fedhas.
  4044 | D:3      | Found an ancient bone altar of Kikubaaqudgha.
  4045 | D:3      | Found a hazy altar of Hepliaklqana.
  4046 | D:3      | Found a shadowy altar of Dithmenos.
  4047 | D:3      | Found a burning altar of Makhleb.
  4049 | D:3      | Found a shimmering blue altar of Sif Muna.
  4153 | D:3      | Noticed an ogre
  4161 | D:3      | Killed an ogre
  4162 | D:3      | Reached skill level 5 in Throwing
  5112 | D:3      | Killed an ice beast
  5113 | D:3      | Reached XP level 6. HP: 16/42 MP: 6/6
  5344 | D:3      | Found a runed translucent door.
  5345 | D:3      | Noticed Crazy Yiuf
  5350 | D:3      | Killed Crazy Yiuf
  5390 | D:4      | Reached skill level 6 in Throwing
  5479 | D:4      | Found a basalt altar of Yredelemnul.
  5562 | D:4      | Noticed a black bear
  5976 | D:4      | Found a staircase to the Ecumenical Temple.
  5987 | Temple   | Entered the Ecumenical Temple
  6191 | Temple   | Became a worshipper of Warmaster Okawaru
  6539 | D:4      | Reached XP level 7. HP: 24/46 MP: 7/7
  7149 | D:4      | Reached skill level 7 in Throwing
  7422 | D:4      | Found a white marble altar of Elyvilon.
  7560 | D:1      | Bought 2 potions of curing for 84 gold pieces
  7560 | D:1      | Bought a potion of heal wounds for 70 gold pieces
  7643 | D:5      | Entered Level 5 of the Dungeon
  7650 | D:5      | Reached * piety under Okawaru
  7870 | D:5      | Reached skill level 8 in Throwing
  8158 | D:5      | Reached XP level 8. HP: 52/52 MP: 8/8
  8243 | D:5      | Reached skill level 9 in Throwing
  8428 | D:5      | Found a glowing golden altar of the Shining One.
  8428 | D:5      | Identified the +3 buckler "Rigaett" {Drain rN+ Str+6}
  9339 | D:6      | Reached skill level 10 in Throwing
  9407 | D:6      | Reached ** piety under Okawaru
  9947 | D:6      | Reached XP level 9. HP: 39/57 MP: 9/9
 10044 | D:6      | Reached skill level 11 in Throwing
 10840 | D:1      | Bought a potion of invisibility for 112 gold pieces
 12016 | D:7      | Reached skill level 12 in Throwing
 12188 | D:7      | Reached *** piety under Okawaru
 12242 | D:6      | Noticed a rust devil
 12242 | D:6      | Noticed a rust devil
 14522 | D:8      | Noticed a two-headed ogre
 14539 | D:8      | Killed a two-headed ogre
 14539 | D:8      | Reached **** piety under Okawaru
 14540 | D:8      | Reached skill level 5 in Fighting
 14540 | D:8      | Reached skill level 5 in Axes
 14540 | D:8      | Reached XP level 10. HP: 67/68 MP: 10/10
 14556 | D:8      | Found a snail-covered altar of Cheibriados.
 14805 | D:8      | Found a staircase to the Lair.
 15536 | D:8      | Found a hide-covered altar of Uskayaw.
 16056 | D:9      | Received a gift from Okawaru
 16090 | D:9      | Slain by a killer bee

Illustrated notes

Levels and vault maps discovered:
D:1:      lemuel_arrival_rhombus, layout_basic, serial_shops, shop
D:2:      kennysheep_six_static_rooms, layout_basic, minmay_indecisive_spiral
D:3:      layout_rooms, minitemple, evilmike_ruin_ashenzari,
          ebering_ecumenical_altar_sacrificial, uniq_crazy_yiuf_cottage
D:4:      layout_rooms, kennysheep_ying_yang,
          minmay_temple_entry_drinking_statues
D:5:      layout_loops_ring, lemuel_doored_altar, grunt_ministairs_7
D:6:      cheibrodos_iron_armory, layout_basic
D:7:      layout_gridville
D:8:      layout_loops_corners, nicolae_uskayaw_dance_hall,
          kennysheep_slug_shrine, lair_entry_dummy
D:9:      layout_grid_maze
Temple:   jpeg_temple_island

Skill      XL: |  1  2  3  4  5  6  7  8  9 10 |
---------------+-------------------------------+-----
Throwing       | 1 2 3 5 6 8 10 12 | 12.0
Axes           | 5 6 |  6.0
Fighting       | 5 6 |  6.4
Dodging        | |  3.0
Shields        | |  3.0

Action                   |  1- 3 |  4- 6 |  7- 9 | 10-12 || total
-------------------------+-------+-------+-------+-------++-------
Melee: War axe           |    61 |    90 |   152 |    32 ||   335
       Constrict         |    15 |    20 |    40 |     8 ||    83
       Tentacles         |    12 |    16 |    40 |     3 ||    71
Throw: Boomerang         |       |    21 |    35 |     1 ||    57
       Dart              |       |     3 |    62 |     3 ||    68
  Use: Scroll            |       |       |    12 |     3 ||    15
       Potion            |       |       |       |     3 ||     3
 Stab: Sleeping          |     7 |     4 |     3 |       ||    14
       Distracted        |       |       |     1 |       ||     1
Armor: Skin              |     6 |     6 |     6 |     1 ||    19
Dodge: Dodged            |    40 |    96 |   102 |    28 ||   266

Table legend: (Time is in decaauts)
 A = Elapsed time spent in this place.
 B = Non-inter-level travel time spent in this place.
 C = Inter-level travel time spent in this place.
 D = Time resting spent in this place.
 E = Time spent auto-exploring this place.
 F = Levels seen in this place.
 G = Mean time per level.
                   A        B        C        D        E       F      G
               +--------+--------+--------+--------+--------+-----+--------+
         Total |  16200 |  15443 |    757 |   5051 |   8763 |  10 | 1620.0 |
       Dungeon |  15661 |  14940 |    721 |   5051 |   8274 |   9 | 1740.1 |
        Temple |    539 |    503 |     36 |      0 |    489 |   1 |  539.0 |
               +--------+--------+--------+--------+--------+-----+--------+

Top non-repeatable levels by time:
     D:7: 2617 daAuts
     D:3: 2532 daAuts
     D:2: 2300 daAuts
     D:8: 1877 daAuts
     D:6: 1821 daAuts
     D:1: 1763 daAuts
     D:5: 1624 daAuts
     D:4: 756 daAuts
  Temple: 539 daAuts
     D:9: 367 daAuts
